cohdb
Replays
Latest Replays
All Replays
Popular Replays
Top Player Replays
Match Explorer
How It Works
Community
CoH3 Stats
Reddit
Sign in to upload your games and track your stats! →
Sign in with Steam
Match 45721131
Unlisted
Match 45721131
Overview
Messages
Build Orders
End
Pioneer Squad
Construct Infanterie Kompanie
MG 42 Machine Gun Team
Selects Mechanized Battlegroup
Grenadier Squad
Grenadier Squad
Construct Luftwaffe Kompanie
221 Scout Car
Jäger Squad
Selects Mobile Repair Stations
221 Scout Car
Selects Wespe Self-propelled Artillery
Wespe Self-propelled Artillery
Luftwaffe Officer Quarters
Wespe Self-propelled Artillery
Flak 30 Anti-aircraft Gun Team
MG 42 Machine Gun Team
Wespe Self-propelled Artillery
Jäger Squad
Construct Panzer Kompanie
Boneless
Victor #52
CPU - Very Easy
冥雨
MähnGiL
Mad
蛤,你说蛤?
Citizenkane
0
0
Comments
sign in to comment!
No comments posted yet!